 Dungeon Crawl Stone Soup version 0.27.1-4-g1640c2035a (webtiles) character file.

Game seed: 14656853012961956818

13969 zeram the Severer (level 12, -20/90 HPs)
             Began as a Hill Orc Fighter on Nov 16, 2021.
             Killed from afar by a bog body (46 damage)
             ... with a bolt of cold
             ... on level 2 of the Lair of Beasts.
             The game lasted 00:24:46 (12505 turns).

zeram the Severer (Hill Orc Fighter)               Turns: 12505, Time: 00:24:47

Health: -20/90     AC: 20    Str: 27    XL:     12   Next: 11%
Magic:  12/12      EV:  7    Int: 14    God:
Gold:   649        SH:  0    Dex: 10    Spells: 11/11 levels left

rFire    x . .     SeeInvis +   e - +0 war axe (venom)
rCold    . . .     Faith    .   c - +3 kite shield
rNeg     . . .     Spirit   .   i - +2 plate armour {Will+}
rPois    +         Reflect  +   (no helmet)
rElec    .         Harm     +   d - +2 cloak
rCorr    .         Rampage  .   (no gloves)
Will     ++++.                  (no boots)
Stlth    ..........             u - amulet of Orchis Pila {Reflect Harm Will+ SH+5}
HPRegen  0.25/turn              m - ring "Puowam" {rPois SInv}
MPRegen  0.13/turn              w - ring "Jenauk" {rPois rF- Will++ Str+3 Int+6}

@: confused, ambrosia-drunk, very slow
A: no striking features
a: no special abilities


You were on level 2 of the Lair of Beasts.
You visited 4 branches of the dungeon, and saw 12 of its levels.

You collected 649 gold pieces.

Inventory:

Hand Weapons
 a - a +0 war axe of freezing
 e - a +0 war axe of venom (weapon)
Armour
 b - a +0 scale mail
 c - a +3 kite shield (worn)
 d - a +2 cloak (worn)
 h - +0 steam dragon scales
 i - a +2 plate armour of willpower (worn)
 r - a +0 plate armour
Jewellery
 g - a ring of protection from cold
 j - a +6 ring of strength
 m - the ring "Puowam" (left hand) {rPois SInv}
   (You took it off a kobold demonologist on level 7 of the Dungeon)

   [ring of see invisible]

   rPois:     It protects you from poison.
   SInv:      It lets you see invisible.
 p - a ring of flight
 u - the amulet of Orchis Pila (around neck) {Reflect Harm Will+ SH+5}
   (You took it off a vampire on level 7 of the Dungeon)

   [amulet of reflection]

   It reflects blocked missile attacks.
   SH:        It affects your SH (+5).
   Harm:      It increases damage dealt and taken.
   Will:      It increases your willpower.
 v - the ring of Zuvibloyph {rPois rC+ rN+}
   (You took it off an orc warrior on level 7 of the Dungeon)

   [ring of positive energy]

   rC:        It protects you from cold.
   rPois:     It protects you from poison.
   rN:        It protects you from negative energy.
 w - the ring "Jenauk" (right hand) {rPois rF- Will++ Str+3 Int+6}
   (You found it on level 7 of the Dungeon)

   [ring of intelligence]

   Str:       It affects your strength (+3).
   Int:       It affects your intelligence (+6).
   rF:        It makes you vulnerable to fire.
   rPois:     It protects you from poison.
   Will:      It greatly increases your willpower.
Wands
 o - a wand of flame (28)
 q - a wand of iceblast (12)
 y - a wand of mindburst (10)
 C - a wand of polymorph (5)
Scrolls
 f - 3 scrolls of identify
 s - 3 scrolls of teleportation
 t - a scroll of amnesia
 z - a scroll of torment {unknown}
 B - a scroll of magic mapping
 D - a scroll of fog
 F - a scroll of noise {unknown}
Potions
 k - 2 potions of magic
 l - 2 potions of attraction {unknown}
 n - a potion of lignification
 A - a potion of degeneration {unknown}
 E - 8 potions of ambrosia


   Skills:
 - Level 3.6 Fighting
 + Level 16.2 Axes
 + Level 10.1 Armour
 + Level 12.3 Shields


You had 11 spell levels left.
You didn't know any spells.
Your spell library contained the following spells:

 Spells                   Type           Power      Damage    Failure   Level
 Corona                   Hex            0%         N/A       98%         1
 Foxfire                  Conj/Fire      0%         2x1d4     98%         1
 Pain                     Necr           0%         1d4       98%         1
 Summon Small Mammal      Summ           0%         N/A       98%         1
 Corpse Rot               Necr/Air       N/A        N/A       99%         2
 Ensorcelled Hibernation  Hex/Ice        0%         N/A       99%         2
 Call Canine Familiar     Summ           0%         N/A       100%        3
 Conjure Flame            Conj/Fire      0%         6-21      100%        3
 Gell's Gravitas          Tloc           0%         N/A       100%        3
 Ignite Poison            Fire/Tmut/Pois 0%         N/A       100%        3
 Inner Flame              Hex/Fire       0%         N/A       100%        3
 Mephitic Cloud           Conj/Pois/Air  0%         N/A       100%        3
 Summon Guardian Golem    Hex/Summ       0%         N/A       100%        3
 Teleport Other           Tloc           0%         N/A       100%        3
 Tukima's Dance           Hex            0%         N/A       100%        3
 Dispel Undead            Necr           0%         3d6       100%        4
 Passage of Golubria      Tloc           N/A        N/A       100%        4
 Agony                    Necr           0%         N/A       100%        5
 Blade Hands              Tmut           0%         N/A       100%        5
 Bolt of Magma            Conj/Fire/Erth 0%         4d4       100%        5
 Excruciating Wounds      Necr           0%         N/A       100%        5
 Irradiate                Conj/Tmut      0%         3d14      100%        5
 Yara's Violent Unravell  Hex/Tmut       0%         3d3       100%        5
 Death Channel            Necr           0%         N/A       100%        6
 Dispersal                Tloc           0%         N/A       100%        6
 Dragon Form              Tmut           0%         N/A       100%        7


Dungeon Overview and Level Annotations

Branches:
Dungeon (8/15)             Temple (1/1) D:6            Lair (2/6) D:8
  Swamp (1/4) Lair:2
  Snake: Lair:2-4    Spider: Lair:2-4

Altars:
Ashenzari
Cheibriados
Dithmenos
Elyvilon
Fedhas
Gozag
Hepliaklqana
Kikubaaqudgha
Makhleb
Nemelex Xobeh
Okawaru
Qazlal
Ru
Sif Muna
Trog
Uskayaw
Vehumet
Wu Jian
Yredelemnul
Zin
The Shining One

Shops:
D:3 [   D:5 **   D:8 *


Message History

You barely miss the bog body.
The bog body is almost destroyed.
You block the bog body's attack.
Unknown command.
You slash the bog body!
You destroy the bog body!
The will-o-the-wisp gestures.
The will-o-the-wisp conjures some foxfire! 2 foxfires come into view.
Unknown command.
The foxfire hits you!! The fire burns you terribly! The bog body touches you.
The bog body freezes you!!
* * * LOW HITPOINT WARNING * * *
You climb upwards.
Welcome back to the Lair of Beasts!
There is a staircase to the Swamp here.
You feel better. You block the bog body's attack.
You slash the bog body!
The bog body is moderately damaged.
Unknown command.
You hit the bog body.
The bog body is moderately damaged.
The bog body touches you but does no damage.
Unknown command.
You barely miss the bog body.
The bog body is moderately damaged.
You block the bog body's attack.
Unknown command.
Okay, then.
You are confused.
You feel invigorated.
The bog body touches you but does no damage.
You closely miss the bog body.
The bog body is moderately damaged.
The bog body completely misses you.
You enter the shallow water.
Moving in this stuff is going to be slow.
The bog body gestures at you while chanting.
The bolt of cold hits you!!!
Ouch! That really hurt!
You die...

.. .###.##... .###
.......... .....
.................
........§ ....... ...
.....§§§ §....... ...#
#...§n♣♣≈....... ....
##.♣§>§♣...... .. ...
###P.§@§§≈.##.# #..##.
#.....≈§†§.#.######.#..
#..=........#........#.
#.......##.†............
##..........#........(#.
#.....##...#).......#..
###### #...#...........
##...#...#..##..
#P...##.#....#.P.


You could see a bog body.

Vanquished Creatures
  2 bog bodies
  A manticore (D:7)
  A black mamba (Lair:2)
  3 cane toads (Lair:1)
  A kobold demonologist (D:7)
  A rime drake (Lair:1)
  6 komodo dragons
  A queen bee (Lair:1)
  2 trolls (D:7)
  5 blink frogs (Lair:1)
  2 shadows (D:7)
  6 yaks
  A vampire (D:7)
  2 wyverns (D:7)
  A basilisk (Lair:1)
  2 steam dragons
  Menkaure (D:6)
  The ghost of zeram the Shield-Bearer, an amateur GrFi (D:4)
  5 water moccasins
  4 orc warriors
  3 black bears
  3 ice beasts
  2 ogres (D:6)
  2 sky beasts (D:6)
  4 centaurs
  2 kobold brigands
  11 bullfrogs
  7 scorpions
  A wyvern skeleton (D:6)
  A water moccasin skeleton (D:7)
  24 killer bees (Lair:1)
  6 wights
  An electric eel (Lair:2)
  A bullfrog zombie (D:6)
  3 howler monkeys
  A centaur zombie (D:8)
  A hound (D:6)
  3 orc priests
  2 centaur skeletons (D:7)
  3 gnoll shamans (D:7)
  Crazy Yiuf (D:2)
  2 iguanas (D:5)
  2 orc wizards
  A howler monkey zombie (D:4)
  8 gnolls
  A howler monkey skeleton (D:7)
  9 adders
  A shadow imp (D:5)
  A white imp (D:6)
  3 ufetubi
  A worm (D:3)
  2 dart slugs (D:4)
  30 orcs
  3 endoplasms
  5 giant cockroaches
  7 hobgoblins
  6 jackals
  11 kobolds
  A quokka (D:3)
  4 ball pythons
  7 bats
  6 frilled lizards
  9 goblins
  8 rats
258 creatures vanquished.

Vanquished Creatures (others)
  A foxfire (Swamp:1)
  19 fungi
  7 plants
27 creatures vanquished.

Grand Total: 285 creatures vanquished

Notes
Turn   | Place    | Note
-------+----------+-------------------------------------------
     0 | D:1      | zeram the Hill Orc Fighter began the quest for the Orb.
     0 | D:1      | Reached XP level 1. HP: 19/19 MP: 1/1
   101 | D:1      | Found a faded altar of an unknown god.
   335 | D:1      | Reached XP level 2. HP: 26/26 MP: 2/2
   405 | D:1      | Reached skill level 3 in Axes
   949 | D:1      | Reached XP level 3. HP: 31/31 MP: 3/3
  1804 | D:2      | Found a runed translucent door.
  1805 | D:2      | Noticed Crazy Yiuf
  1994 | D:2      | Killed Crazy Yiuf
  1995 | D:2      | Reached skill level 4 in Axes
  1995 | D:2      | Reached XP level 4. HP: 8/39 MP: 4/4
  2748 | D:3      | Found a bloodstained altar of Trog.
  2748 | D:3      | Found a glowing silver altar of Zin.
  2840 | D:3      | Found Xogi's Armour Boutique.
  3172 | D:4      | Noticed zeram's ghost (amateur GrFi)
  3173 | D:4      | Found a runed translucent gate.
  3173 | D:4      | Found a runed translucent gate.
  3174 | D:4      | Found a runed translucent gate.
  3174 | D:4      | Noticed a yak
  3264 | D:4      | Reached XP level 5. HP: 45/45 MP: 5/5
  3325 | D:4      | Noticed a black bear
  3338 | D:4      | Killed a black bear
  3339 | D:4      | Reached skill level 5 in Axes
  3586 | D:4      | Reached XP level 6. HP: 51/51 MP: 6/6
  4080 | D:4      | Reached skill level 6 in Axes
  4097 | D:4      | Killed a yak
  4098 | D:4      | Reached skill level 5 in Shields
  4110 | D:4      | Killed zeram's ghost
  4111 | D:4      | Reached skill level 7 in Axes
  4111 | D:4      | Reached skill level 5 in Armour
  4111 | D:4      | Reached XP level 7. HP: 33/57 MP: 7/7
  4271 | D:5      | Entered Level 5 of the Dungeon
  4398 | D:5      | Noticed a steam dragon
  4398 | D:5      | Noticed a steam dragon
  4442 | D:5      | Killed a steam dragon
  4793 | D:5      | Reached skill level 8 in Axes
  4838 | D:5      | Found Riemybub's General Store.
  4840 | D:5      | Found Asiuwe's Specific Store.
  4904 | D:5      | Reached XP level 8. HP: 63/64 MP: 8/8
  5243 | D:6      | Reached skill level 9 in Axes
  5436 | D:6      | Noticed Menkaure
  5456 | D:6      | Killed Menkaure
  5935 | D:6      | Reached skill level 10 in Axes
  5938 | D:6      | Found a radiant altar of Vehumet.
  5992 | D:6      | Found a staircase to the Ecumenical Temple.
  6007 | Temple   | Entered the Ecumenical Temple
  6677 | D:6      | Reached XP level 9. HP: 61/70 MP: 9/9
  6879 | D:6      | Reached skill level 11 in Axes
  7443 | D:7      | Found a shadowy altar of Dithmenos.
  7443 | D:7      | Found a white marble altar of Elyvilon.
  7443 | D:7      | Found a hide-covered altar of Uskayaw.
  7829 | D:7      | Reached skill level 12 in Axes
  8291 | D:7      | Reached XP level 10. HP: 66/77 MP: 10/10
  8432 | D:7      | Reached skill level 13 in Axes
  8590 | D:7      | Found a runed translucent door.
  8592 | D:7      | Noticed a manticore
  8637 | D:7      | Killed a manticore
  8768 | D:7      | Identified the ring of Zuvibloyph {rPois rC+ rN+}
  8771 | D:7      | Identified the amulet of Orchis Pila {Reflect Harm Will+
                  | SH+5}
  8772 | D:7      | Identified the ring "Puowam" {rPois SInv}
  8772 | D:7      | Noticed a kobold demonologist
  8800 | D:7      | Noticed a smoke demon
  8804 | D:7      | Reached skill level 14 in Axes
  8808 | D:7      | Noticed a sixfirhy
  9594 | D:7      | Noticed a sun demon
  9598 | D:7      | Killed a kobold demonologist
  9780 | D:7      | Identified the ring "Jenauk" {rPois rF- Will++ Str+3 Int+6}
 10038 | D:8      | Reached XP level 11. HP: 82/82 MP: 11/11
 10136 | D:8      | Found Baodd's Demolitions Depot.
 10277 | D:8      | Reached skill level 10 in Shields
 10627 | D:8      | Found a staircase to the Lair.
 10688 | Lair:1   | Entered Level 1 of the Lair of Beasts
 10869 | Lair:1   | Reached skill level 15 in Axes
 12249 | Lair:2   | Reached skill level 10 in Armour
 12379 | Lair:2   | Reached skill level 16 in Axes
 12384 | Lair:2   | Reached XP level 12. HP: 78/90 MP: 12/12
 12467 | Lair:2   | Found a staircase to the Swamp.
 12492 | Swamp:1  | Entered Level 1 of the Swamp
 12497 | Swamp:1  | HP: 3/90 [bog body (25)]
 12505 | Lair:2   | Killed from afar by a bog body

Illustrated notes

Levels and vault maps discovered:
D:1:      dpeg_arrival_short_road, layout_basic, basic_ecumenical_altar,
          grunt_decor_junction
D:2:      layout_loops_ring, corexii_shack, uniq_crazy_yiuf_cottage
D:3:      layout_loops_ring, gammafunk_temple_overflow_wave, serial_shops,
          shop_fountains, wander_ebering_terrifying_dragon_lair
D:4:      layout_loops_ring, gammafunk_ghost_split, kennysheep_crisscross
D:5:      kennysheep_steamy, layout_rooms, nicolae_specific_store
D:6:      layout_cave_pods, marbit_many_paths, minmay_temple_entry_arrows,
          hangedman_minor_gate_pass, uniq_menkaure
D:7:      minmay_the_grid_triangle_9x9_rhombus_full
          [minmay_the_grid_triangle_9x9_sparse_checkered,
          minmay_the_grid_triangle_9x9_sprig,
          minmay_the_grid_triangle_9x9_thin_v,
          minmay_the_grid_triangle_9x9_empty,
          minmay_the_grid_triangle_9x9_dagger,
          minmay_the_grid_triangle_9x9_shrine,
          minmay_the_grid_triangle_9x9_subtriangle,
          minmay_the_grid_triangle_9x9_prize_special], layout_basic,
          gammafunk_temple_overflow_forgotten
D:8:      layout_loops_ring, grunt_lair_entry_orc_guard_hut,
          nicolae_blasting_shop
Temple:   regret_index_temple_waves
Lair:1:   layout_misc_corridors, special_room [special_room_bee]
Lair:2:   layout_regular_city, skrybe_swamp_entry_bodies,
          minmay_snake_entry_guardpost_medium, ldierk_geyser,
          serial_bayou_shore_b, grunt_megastairs_5
Swamp:1:  layout_basic_swamp, evilmike_swamp_ruin_house_5

Skill      XL: |  1  2  3  4  5  6  7  8  9 10 11 |
---------------+----------------------------------+-----
Axes           | 3 4 5 7 8 10 12 14 16 | 16.2
Shields        | 4 5 6 7 8 9 12 | 12.3
Armour         | 4 5 6 7 9 10 | 10.1
Fighting       | |  3.6

Action                   |  1- 3 |  4- 6 |  7- 9 | 10-12 || total
-------------------------+-------+-------+-------+-------++-------
Melee: War axe           |   103 |   151 |   243 |   431 ||   928
  Use: Scroll            |     4 |       |     8 |     3 ||    15
       Potion            |     1 |     2 |     3 |     5 ||    11
Armor: Scale mail        |    39 |    66 |       |       ||   105
       Plate armour      |       |    18 |   122 |   126 ||   266
       Skin              |       |       |       |    11 ||    11
Dodge: Dodged            |    29 |    39 |    32 |    45 ||   145
Block: Kite shield       |    59 |    95 |   140 |   332 ||   626
       Reflection        |       |       |       |     8 ||     8
